 Dungeon Crawl Stone Soup version 0.20-a0-556-g892c87b (webtiles) character file.

483 junb69 the Magician (level 6, -3/30 HPs)
             Began as a Spriggan Transmuter on Feb 7, 2017.
             Slain by an orc wizard
             ... wielding a +2 dagger of electrocution
              (12 damage)
             ... on level 4 of the Dungeon.
             The game lasted 00:16:51 (6898 turns).

junb69 the Magician (Spriggan Transmuter)           Turns: 6898, Time: 00:16:51

Health: -3/30      AC:  2    Str:  6    XL:     6   Next: 88%
Magic:  11/15      EV: 21    Int: 17    God:
Gold:   86         SH:  0    Dex: 21    Spells: 6/16 levels left

rFire    . . .     SeeInvis +     - Unarmed
rCold    . . .     Gourm    .   (armour currently unavailable)
rNeg     + . .     Faith    .   (shield currently unavailable)
rPois    x         Spirit   .   (helmet currently unavailable)
rElec    .         Reflect  .   (cloak currently unavailable)
rCorr    .         Harm     .   (gloves unavailable)
MR       ++...                  (boots unavailable)
Stlth    ++........             (no amulet)
Regen    0.1/turn               g - ring of protection from magic
                                p - ring of positive energy

@: spider-form (expiring)
A: unfitting armour, see invisible, herbivore 3, (speed 0), slow metabolism 2
a: End Transformation


You were on level 4 of the Dungeon.
You were not hungry.
You were a venomous arachnid creature.
You visited 1 branch of the dungeon, and saw 4 of its levels.

You collected 86 gold pieces.

Inventory:

Hand Weapons
 v - a +1 whip of electrocution (melded)
Missiles
 a - 126 arrows
 d - 2 throwing nets
 e - 99 stones (quivered)
Armour
 b - a +0 robe (melded)
Jewellery
 g - a ring of protection from magic (right front leg)
 p - a ring of positive energy (left front leg)
Wands
 k - a wand of lightning (8/15)
 s - a wand of enslavement (0/24)
Scrolls
 f - a scroll of remove curse
 h - 3 scrolls of recharging
 l - a scroll of fear
Potions
 m - 2 potions of might {unknown}
 n - a potion of magic {unknown}
 o - a potion of brilliance {unknown}
 r - a potion of heal wounds {unknown}
Books
 c - a book of Changes

   Spells                             Type                      Level
   a - Beastly Appendage              Transmutation                1
   b - Sticks to Snakes               Transmutation                2
   c - Spider Form                    Transmutation/Poison         3
   d - Ice Form                       Ice/Transmutation            4
   e - Blade Hands                    Transmutation                5
 t - a book of Callings

   Spells                             Type                      Level
   a - Summon Small Mammal            Summoning                    1
   b - Call Imp                       Summoning                    2
   c - Call Canine Familiar           Summoning                    3
   d - Summon Guardian Golem          Hexes/Summoning              3
   e - Summon Lightning Spire         Summoning/Air                4
   f - Summon Ice Beast               Ice/Summoning                4
 u - a book of Necromancy

   Spells                             Type                      Level
   a - Pain                           Necromancy                   1
   b - Animate Skeleton               Necromancy                   1
   c - Vampiric Draining              Necromancy                   3
   d - Regeneration                   Charms/Necromancy            3
   e - Animate Dead                   Necromancy                   4
   f - Control Undead                 Necromancy                   4
Comestibles
 j - a royal jelly
 q - 3 bread rations


   Skills:
 * Level 1.1 Fighting
 - Level 3.0 Dodging
 - Level 3.7 Unarmed Combat
 - Level 5.8 Spellcasting
 - Level 5.5 Transmutations
 * Level 1.4 Ice Magic
 - Level 0.6 Poison Magic


You had 6 spell levels left.
You knew the following spells:

 Your Spells              Type           Power        Failure   Level  Hunger
a - Beastly Appendage     Tmut           ###...       6%          1    None
b - Sticks to Snakes      Tmut           ###.....     8%          2    None
c - Spider Form           Tmut/Pois      ###.......   28%         3    ##.....
d - Ice Form              Ice/Tmut       ###.....     61%         4    ####...


Dungeon Overview and Level Annotations

Branches:
Dungeon (4/15)
 Temple: D:4-7

Altars:


Innate Abilities, Weirdness & Mutations

You are very small and have problems with some larger weapons.
You are too small for most types of armour.
You have supernaturally acute eyesight. (SInv)
You are a herbivore.
((You cover ground extremely quickly.))
You need consume almost no food.


Message History

The adder is heavily wounded.
The adder barely misses you.
You barely miss the adder.
The adder is heavily wounded.
Your transformation is almost over.
The adder bites you. The adder misses you.
Unknown command.
You closely miss the adder.
The adder is heavily wounded.
You kill the adder!
You hit the orc wizard.
The orc wizard is poisoned.
The orc wizard is moderately wounded.
The orc wizard completely misses you.
You hit the orc wizard but do no damage.
The orc wizard looks as sick as possible!
The orc wizard is heavily wounded.
The orc wizard hits you with a dagger of electrocution!
* * * LOW HITPOINT WARNING * * *
You are electrocuted!
You die...

#.###.##o............
#.........##...##.###
#####.##.####..# #
#.#.##.####..## ##
#..o.........
#.###....####..# ###
#.#.##### #..#
.)..###o#########..######
#.....s................
#.....####.....####....
#...##### #..#'## .#)###
#.# ####..#..#...# # #.
#))'..#...#
#+#..#'#####'###
#..........#..# .
#..####....#..#..
####.##'###


You could see an orc wizard.

Vanquished Creatures
  A slave (D:4)
  3 orc wizards
  Jessica (D:2)
  Terence (D:2)
  A worker ant (D:4)
  5 gnolls
  10 adders
  4 worms
  5 dart slugs
  3 leopard geckos
  8 orcs
  3 ball pythons (D:1)
  9 bats
  3 giant cockroaches
  4 goblins
  7 hobgoblins
  2 jackals (D:1)
  A quokka (D:2)
  7 frilled lizards
  12 kobolds
  9 rats
99 creatures vanquished.

Vanquished Creatures (collateral kills)
  4 orc wizards
  A bullfrog skeleton (D:3)
  A dart slug (D:1)
6 creatures vanquished.

Vanquished Creatures (others)
  Pikel (D:4)
1 creature vanquished.

Grand Total: 106 creatures vanquished

Notes
Turn   | Place    | Note
-------+----------+-------------------------------------------
     0 | D:1      | junb69 the Spriggan Transmuter began the quest for the Orb.
     0 | D:1      | Reached XP level 1. HP: 9/9 MP: 5/5
   745 | D:1      | Reached XP level 2. HP: 12/14 MP: 5/7
   749 | D:1      | Learned a level 2 spell: Sticks to Snakes
  2349 | D:1      | Reached XP level 3. HP: 12/17 MP: 6/8
  2656 | D:1      | Learned a level 3 spell: Spider Form
  3794 | D:2      | Reached XP level 4. HP: 21/21 MP: 8/11
  4005 | D:2      | Learned a level 4 spell: Ice Form
  4093 | D:2      | Noticed Jessica
  4112 | D:2      | Killed Jessica
  4112 | D:2      | Reached XP level 5. HP: 24/25 MP: 10/13
  4185 | D:2      | Noticed Terence
  4194 | D:2      | Killed Terence
  4326 | D:2      | Reached skill level 5 in Transmutations
  4516 | D:3      | Reached skill level 5 in Spellcasting
  4950 | D:3      | Reached XP level 6. HP: 14/29 MP: 9/14
  5665 | D:4      | Noticed Pikel
  5665 | D:4      | Noticed a slave
  5665 | D:4      | Noticed a slave
  5908 | D:4      | Reached skill level 1 in Ice Magic
  6414 | D:4      | Noticed a slave
  6471 | D:4      | Killed a slave
  6543 | D:4      | Killed Pikel
  6884 | D:4      | Reached skill level 1 in Fighting
  6898 | D:4      | Slain by an orc wizard

Vault maps used:
D:1:      minmay_arrival_open_corners
D:2:      first_bread, kennysheep_crisscross, uniq_jessica, uniq_terence
D:4:      corexii_shantytown, serial_bayou_pond_d,
          minmay_a_box_with_orc_wizards_in_it, uniq_pikel

Skill      XL: |  1  2  3  4  5  6 |
---------------+-------------------+-----
Spellcasting   | 3 4 5 |  5.8
Transmutations | 3 4 5 |  5.5
Unarmed Combat | 3 |  3.7
Ice Magic      | 1 |  1.4
Fighting       | 1 |  1.1
Dodging        | |  3.0
Poison Magic   | |  0.6

Action                   |  1- 3 |  4- 6 || total
-------------------------+-------+-------++-------
Melee: Unarmed           |   172 |   230 ||   402
       Headbutt          |    15 |     9 ||    24
       Kick              |    10 |    10 ||    20
       Punch             |     4 |     2 ||     6
       Whip              |       |     3 ||     3
Throw: Stone             |   126 |    19 ||   145
 Cast: Beastly Appendage |    34 |    17 ||    51
       Sticks to Snakes  |     3 |    12 ||    15
       Spider Form       |     3 |    18 ||    21
 Abil: End Transformatio |       |     1 ||     1
Evoke: Wand              |       |     4 ||     4
  Use: Scroll            |       |     6 ||     6
       Potion            |       |     3 ||     3
  Eat: Fruit             |     1 |       ||     1
       Bread ration      |       |     1 ||     1
Armor: Robe              |    17 |    20 ||    37
       Skin              |       |     6 ||     6
Dodge: Dodged            |   148 |   189 ||   337
